AoeStats
← Clay

MegaRandom

506189970Analyzed
1v1 RM · 20d ago on Sep 12, 2026· 25m 5s· 2 players
Game mode
Random Map
Map size
Tiny (2 player)
Population
200
Speed
Normal
Resources
Standard
Victory
Conquest
Starting age
Dark Age
Ending age
Imperial Age
RankedLock teamsTeams togetherTeam positionsShared explorationLock speedFull tech treeHidden civsTurbo modeCheats
Victory
Defeat
🇹🇼 Huns · Taiwan
1124
+16
🇮🇳 Turks · India
1114
-16
Clay
8:08 Loom
12:13 Feudal Age
13:20 Double-Bit Axe
16:20 Castle Age
15:27 Stone Mining
15:57 Fishing Lines
17:43 Bow Saw
18:09 Horse Collar
20:01 Wheelbarrow
20:35 Medium Warships
20:51 Medium Warships
20:49 Gold Mining
23:43 Scale Barding Armor
24:13 Treadmill Crane
Hank
11:35 Feudal Age
14:33 Loom
17:56 Castle Age
16:20 Double-Bit Axe
17:46 Horse Collar
21:24 Gold Mining
23:26 Heavy Plow
Connection lost

Rejoining the realm…

Still unreachable

The connection could not be restored.

Session expired

The server has moved on; the page needs a fresh start.